 Dungeon Crawl Stone Soup version 0.31-a0-692-gf03d1854d5 (webtiles) character file.

Game seed: 4769785147881710343

321 qw the Shooter (level 6, -1/38 HPs)
             Began as a Gargoyle Hunter on Sept 6, 2023.
             Slain by an adder (3 damage)
             ... in a sewer.
             The game lasted 00:01:17 (1990 turns).

qw the Shooter (Gargoyle Hunter)                    Turns: 1990, Time: 00:01:17

Health: -1/38      AC: 10    Str: 14    XL:     6   Next: 46%
Magic:  6/6        EV:  7    Int: 10    God:
Gold:   217        SH:  0    Dex: 15    Spells: 5/5 levels left

rFire   . . .        Y - +2 shortbow
rCold   . . .        (shield currently unavailable)
rNeg    + + .        d - +0 ring mail
rPois   inf          (no helmet)
rElec   +            (no cloak)
rCorr   .            (no gloves)
SInv    .            e - +0 pair of boots
Will    .....        (no amulet)
Stlth   +            c - ring of positive energy
HPRegen 0.26/turn    (no ring)
MPRegen 0.10/turn

%: no passive effects
@: about to teleport, constricted
A: sickness immunity, AC +4, negative energy resistance 1, electricity
resistance, torment resistance 1, petrification resistance
a: no special abilities


You were in a sewer.
You visited 1 branch of the dungeon, and saw 3 of its levels.
You also visited: Sewer.

You collected 217 gold pieces.


Innate Abilities, Weirdness & Mutations

You are immune to sickness and miasma.
Your stone body is resilient. (AC +4)
You are immune to poison.
You resist negative energy. (rN+)
You are resistant to electric shocks. (rElec)
You are resistant to unholy torment.
You are immune to petrification.


   Skills:
 - Level 4.1 Fighting
 + Level 6.6 Ranged Weapons
 - Level 1.0 Armour
 - Level 1.5 Dodging
 - Level 1.1 Stealth


You had 5 spell levels left.
You didn't know any spells.
Your spell library was empty.

Inventory:

Hand Weapons
 Y - a +2 shortbow (weapon)
Armour
 d - a +0 ring mail (worn)
 e - a +0 pair of boots (worn)
Jewellery
 c - a ring of positive energy (left hand)
Scrolls
 a - 2 scrolls of teleportation
Potions
 b - a potion of heal wounds {unknown}
 f - a potion of might {unknown}

Dungeon Overview and Level Annotations

Branches:
Dungeon (3/15)              Sewer (1/1)

Altars:

Shops:
D:2 [


Message History

The adder bites you but does no damage. The bullfrog hits you. x2
The adder barely misses you.
The bullfrog hits you but does no damage.
The bullfrog hits you.
You shoot an arrow. The arrow hits the bullfrog.
The bullfrog is moderately wounded.
The bullfrog hits you.
The bullfrog hits you but does no damage.
The adder misses you.
You shoot an arrow. The arrow hits the bullfrog.
The bullfrog is heavily wounded.
The bullfrog hits you.
The bullfrog hits you but does no damage.
The adder bites you. The bullfrog barely misses you. The bullfrog hits you.
The adder bites you but does no damage.
You shoot an arrow. The arrow hits the bullfrog!
The bullfrog is almost dead.
The bullfrog misses you. The bullfrog closely misses you.
The adder closely misses you. The bullfrog hits you. x2
1988 ||| READING 3 scrolls of teleportation.
As you read the scroll of teleportation, it crumbles to dust.
You feel strangely unstable. The adder bites you but does no damage.
The bullfrog misses you.
The bullfrog hits you but does no damage.
The adder bites you but does no damage. The bullfrog closely misses you.
You shoot an arrow. The arrow hits the bullfrog!
You kill the bullfrog!
The bullfrog hits you but does no damage.
The adder bites you but does no damage.
The bullfrog hits you but does no damage.
The ball python bites you but does no damage.
The ball python misses you.
You shoot an arrow. The arrow closely misses the bullfrog.
The bullfrog hits you but does no damage.
The adder closely misses you.
The ball python bites you but does no damage.
The ball python grabs you. The ball python constricts you.
The bullfrog hits you but does no damage.
The adder bites you.
You die...

~##~~# #..###~#~~#
~#~.## ##.~~#.#~~# ~#~~#
#~~\#.#~~# ~#~~#
#~~~#~#~~# ~#~.#
#~~##~#.~# ~#~~#
#~~#~~#~~# ~#~~# !
#.~#.~#~~# ~#~~##
}...##SF#.~.~~# %##.~#
~.~~.llS@#~.~~.# ~~#~~##
..~~~JJ###~..~~#
.~#~..##~~~~.###.#######
~~##.~%#######~~~.~#
~~~#~~~~~~..~~~~~.~#
#~%##~~~~~~~~~##%.##
#.~~##~~~~...##..##
#~~~~###~~~###..~#
##~.~~%#####~~~~~#


You could see a bullfrog, an adder, 2 endoplasms, a ball python and 2 frilled
lizards.

Vanquished Creatures
  A bullfrog (Sewer)
  An orc priest (D:2)
  Jessica (D:2)
  A gnoll (D:1)
  7 adders
  2 river rats (D:3)
  A dart slug (D:2)
  6 orcs (D:2)
  20 ball pythons
  6 bats
  10 endoplasms
  4 giant cockroaches
  7 goblins (D:1)
  5 hobgoblins
  4 jackals (D:1)
  3 kobolds (D:1)
  11 quokkas
  5 frilled lizards
  5 rats
100 creatures vanquished.

Notes
Turn   | Place    | Note
-------+----------+-------------------------------------------
     0 | D:1      | qw the Gargoyle Hunter began the quest for the Orb.
     0 | D:1      | Reached XP level 1. HP: 12/12 MP: 1/1
     0 | D:1      | 0 ||| qw: Version: 0.3-a-76-g4403597
     0 | D:1      | 0 ||| qw: Game counter: 335
     0 | D:1      | 0 ||| qw: Melee chars always use a shield: true
     0 | D:1      | 0 ||| qw: God list: Okawaru
     0 | D:1      | 0 ||| qw: Allow faded altars: false
     0 | D:1      | 0 ||| qw: Do Orc after clearing Dungeon:15 true
     0 | D:1      | 0 ||| qw: Do second Lair branch before Depths: true
     0 | D:1      | 0 ||| qw: Lair rune preference: random
     0 | D:1      | 0 ||| qw: Goals: Normal
     0 | D:1      | 0 ||| PLANNING D:1-11
   167 | D:1      | Reached XP level 2. HP: 17/17 MP: 2/2
   362 | D:1      | Reached XP level 3. HP: 21/21 MP: 3/3
   420 | D:1      | Reached skill level 5 in Ranged Weapons
   674 | D:1      | 674 ||| UPGRADING to +0 ring mail.
   684 | D:1      | 684 ||| DROPPING +0 leather armour.
   685 | D:1      | 685 ||| READING 4 scrolls labelled SIUSCH USUF.
   689 | D:1      | 689 ||| READING scroll labelled TIALYU DOSTEUL.
   690 | D:1      | 690 ||| READING scroll labelled YDUCHOLUNA.
   691 | D:1      | 691 ||| READING scroll labelled WEZOAD SUSYR.
   692 | D:1      | 692 ||| READING scroll labelled NIUGRA JOTWITS.
   693 | D:1      | 693 ||| READING scroll labelled TUIBULENAZ.
   694 | D:1      | 694 ||| READING scroll labelled RIULIU MEHOMM.
   695 | D:1      | 695 ||| DROPPING scroll of butterflies.
   752 | D:2      | Reached skill level 1 in Armour
   788 | D:2      | Reached XP level 4. HP: 27/27 MP: 4/4
   789 | D:2      | Reached skill level 3 in Fighting
   830 | D:2      | 830 ||| READING scroll of enchant weapon.
   830 | D:2      | 830 ||| ENCHANTING +1 shortbow.
   880 | D:2      | Found Astio's Antique Armour Shop.
  1011 | D:2      | Noticed Jessica
  1017 | D:2      | Killed Jessica
  1106 | D:2      | 1106 ||| UPGRADING to ring of positive energy.
  1107 | D:2      | 1107 ||| READING scroll labelled CONYAPTOUPN.
  1138 | D:2      | Reached XP level 5. HP: 14/32 MP: 5/5
  1519 | D:3      | 1519 ||| PLANNING SEWER
  1531 | D:3      | Reached skill level 6 in Ranged Weapons
  1569 | D:3      | Found a glowing drain.
  1665 | D:3      | 1665 ||| UPGRADING to +0 pair of boots.
  1670 | D:3      | 1670 ||| READING scroll labelled MERIFI CAH ASCH.
  1676 | Sewer    | Entered a sewer
  1697 | Sewer    | 1697 ||| Stepping ~*~*~tactically~*~*~ (water).
  1717 | Sewer    | 1717 ||| Stepping ~*~*~tactically~*~*~ (water).
  1733 | Sewer    | 1733 ||| Stepping ~*~*~tactically~*~*~ (water).
  1765 | Sewer    | 1765 ||| Stepping ~*~*~tactically~*~*~ (water).
  1775 | Sewer    | 1775 ||| Stepping ~*~*~tactically~*~*~ (water).
  1801 | Sewer    | 1801 ||| Stepping ~*~*~tactically~*~*~ (water).
  1858 | Sewer    | Reached XP level 6. HP: 38/38 MP: 6/6
  1878 | Sewer    | 1878 ||| Stepping ~*~*~tactically~*~*~ (water).
  1916 | Sewer    | 1916 ||| Stepping ~*~*~tactically~*~*~ (water).
  1927 | Sewer    | 1927 ||| Stepping ~*~*~tactically~*~*~ (water).
  1931 | Sewer    | 1931 ||| Stepping ~*~*~tactically~*~*~ (water).
  1938 | Sewer    | 1938 ||| Stepping ~*~*~tactically~*~*~ (water).
  1952 | Sewer    | 1952 ||| Stepping ~*~*~tactically~*~*~ (water).
  1982 | Sewer    | 1982 ||| Stepping ~*~*~tactically~*~*~ (retreating).
  1987 | Sewer    | HP: 5/38 [bullfrog (5)]
  1987 | Sewer    | HP: 1/38 [bullfrog (4)]
  1988 | Sewer    | 1988 ||| READING 3 scrolls of teleportation.
  1990 | Sewer    | Slain by an adder

Levels and vault maps discovered:
D:1:      minmay_arrival_loop, layout_basic
D:2:      cheibrodos_pilgrimage, layout_basic, serial_shops, shop_coins,
          uniq_jessica
D:3:      layout_loops_ring, portal_sewer_entry_c
Sewer:    sewer_frog_island_02

Skill      XL: |  1  2  3  4  5 |
---------------+----------------+-----
Ranged Weapons | 5 6 |  6.6
Armour         | 1 |  1.0
Fighting       | 3 4 |  4.1
Dodging        | |  1.5
Stealth        | |  1.1

Action                     |  1- 3 |  4- 6 || total
---------------------------+-------+-------++-------
   Fire: Shortbow          |   100 |   190 ||   290
    Use: Scroll            |     7 |     4 ||    11
 Armour: Leather armour    |    39 |       ||    39
         Ring mail         |     1 |   126 ||   127
  Dodge: Dodged            |    29 |    66 ||    95

Table legend:
 A = Non-vault XP
 B = Vault XP
 C = Vault XP percentage of total XP
 D = Non-vault monster count
 E = Vault monster count
 F = Vault count percentage of total count
                 A         B        C        D         E       F
            +---------+---------+-------+---------+---------+-------
      Total |     115 |     344 |  74.9 |      46 |      54 |  54.0
            +---------+---------+-------+---------+---------+-------
        D:1 |      67 |       0 |   0.0 |      32 |       0 |   0.0
        D:2 |      32 |      98 |  75.4 |      12 |       8 |  40.0
        D:3 |      16 |      31 |  66.0 |       2 |       6 |  75.0
      Sewer |       0 |     215 | 100.0 |       0 |      40 | 100.0
            +---------+---------+-------+---------+---------+-------
